 Dungeon Crawl Stone Soup version 0.31.0-11-ge490571c62 (webtiles) character file.

Game seed: 10778240576531799972

62 Gadfly the Trooper (level 3, -9/29 HPs)
             Began as a Demonspawn Monk on Jan 29, 2024.
             Mangled by a sleepcap (12 damage)
             ... on level 3 of the Dungeon.
             The game lasted 00:03:21 (1419 turns).

Gadfly the Trooper (Demonspawn Monk)                Turns: 1419, Time: 00:03:22

Health: -9/29      AC:  3    Str: 13    XL:     3   Next: 85%
Magic:  3/3        EV:  2    Int: 10    God:
Gold:   37         SH:  0    Dex: 15    Spells: 2/2 levels left

rFire   . .          .
                       - Unarmed
rCold   . . .        c - orb {light}
rNeg    . . .        a - +1 robe
rPois   .            (no helmet)
rElec   .            (no cloak)
rCorr   .            (no gloves)
SInv    .            (no boots)
Will    .....        (no amulet)
Stlth   +            (no ring)
HPRegen 0.24/turn    (no ring)
MPRegen 0.08/turn

%: no passive effects
@: sleeping, glowing
A: weakness stinger 1
a: no special abilities


You were on level 3 of the Dungeon.
You visited 1 branch of the dungeon, and saw 3 of its levels.

You collected 59 gold pieces.
You spent 22 gold pieces at shops.

Inventory:

Armour
 a - a +1 robe (worn)
 c - an orb of light (worn)
Scrolls
 e - a scroll of enchant armour
 f - a scroll of identify
Potions
 b - a potion of ambrosia
 d - 2 potions of haste
 g - a potion of curing
 h - 2 potions of brilliance {unknown}


   Skills:
 + Level 3.3 Fighting
 + Level 2.9 Dodging
 * Level 3.1 Unarmed Combat
 * Level 1.7 Evocations
 * Level 1.1 Shapeshifting


You had 2 spell levels left.
You didn't know any spells.
Your spell library was empty.

Dungeon Overview and Level Annotations

Branches:
Dungeon (3/15)

Altars:

Shops:
D:1 ?


Innate Abilities, Weirdness & Mutations

You have a small tail.


Message History

The sleepcap releases spores at you!
You are engulfed in a cloud of soporific spores!
You fall asleep.
The sleepcap releases spores at you.
You wake up.
You completely miss the sleepcap.
The sleepcap is lightly damaged.
The sleepcap barely misses you.
You hit the sleepcap.
The sleepcap is moderately damaged.
The sleepcap releases spores at you.
You hit the sleepcap but do no damage. You tail-slap the sleepcap.
The sleepcap is moderately damaged.
The sleepcap releases spores at you.
* * * LOW HITPOINT WARNING * * *
You are engulfed in a cloud of soporific spores!
You are unaffected.
You hit the sleepcap. You tail-slap the sleepcap.
The sleepcap is heavily damaged.
The sleepcap releases spores at you but does no damage.
You hit the sleepcap.
You tail-slap the sleepcap, but do no damage.
The sleepcap is severely damaged.
The sleepcap closely misses you.
You hit the sleepcap but do no damage.
The sleepcap is severely damaged.
The sleepcap misses you.
You hit the sleepcap but do no damage.
The sleepcap is severely damaged.
The sleepcap misses you.
You hit the sleepcap but do no damage.
The sleepcap is severely damaged.
The sleepcap misses you.
You hit the sleepcap.
The sleepcap is severely damaged.
The sleepcap releases spores at you.
* * * LOW HITPOINT WARNING * * *
You are engulfed in a cloud of soporific spores!
You fall asleep.
The sleepcap releases spores at you!
You die...

##....#
.....
."!.. ...
.?. #.#
#f# #@# #
#.# # #.#
# #.# #
#.# #####
#.#
###....
#.#
##......
#.#
#......#
#.#
##...####


You could see a sleepcap.

Vanquished Creatures
  An adder (D:2)
  A dart slug (D:1)
  6 bats
  10 endoplasms
  A giant cockroach (D:2)
  6 goblins
  5 hobgoblins (D:1)
  2 jackals (D:1)
  3 kobolds (D:1)
  2 quokkas
  A ball python (D:1)
  3 frilled lizards
  4 rats (D:1)
45 creatures vanquished.

Notes
Turn   | Place    | Note
-------+----------+-------------------------------------------
     0 | D:1      | Gadfly the Demonspawn Monk began the quest for the Orb.
     0 | D:1      | Reached XP level 1. HP: 18/18 MP: 1/1
    59 | D:1      | Gained mutation: You have a small tail. [demonic ancestry]
    59 | D:1      | Reached XP level 2. HP: 24/24 MP: 2/2
    84 | D:1      | Reached skill level 1 in Evocations
   217 | D:1      | Reached XP level 3. HP: 29/29 MP: 3/3
   517 | D:1      | Found Bowoowny's Magic Scroll Shoppe.
   534 | D:1      | Bought a scroll of identify for 22 gold pieces
   844 | D:2      | Reached skill level 1 in Shapeshifting
  1098 | D:2      | Found a faded altar of an unknown god.
  1419 | D:3      | Mangled by a sleepcap

Illustrated notes

Levels and vault maps discovered:
D:1:      amcnicky_arrival_blooded_trapdoor, layout_rooms, serial_shops, shop,
          chequers_serial_rivers_large_a, minmay_misc_feat_more_columns,
          minmay_cut_off
D:2:      layout_basic, ebering_ecumenical_altar_mist, minmay_hedge_maze
D:3:      cheibrodos_fertilizer, layout_basic, serial_curves, eino_curves_02,
          eino_curves_04, uniq_robin

Skill      XL: |  1  2  3 |
---------------+----------+-----
Evocations     | 1 |  1.7
Unarmed Combat | 3 |  3.1
Shapeshifting  | 1 |  1.1
Fighting       | |  3.3
Dodging        | |  2.9

Action                     || total
---------------------------++-------
  Melee: Unarmed           ||   122
         Tailslap          ||    17
    Use: Scroll            ||     9
 Armour: Robe              ||    41
  Dodge: Dodged            ||    63
